 Dungeon Sprint DCSS version 0.31-a0-667-g39726597b9 (webtiles) character file.

Game seed: 6263871203329394257

25 sircluck the Cudgeller (level 2, -14/32 HPs)
             Began as a Troll Berserker on Sept 3, 2023.
             Was a Follower of Trog.
             Demolished by an ogre
             ... wielding a +0 giant club
              (22 damage)
             ... in the Dungeon (Sprint I: "Red Sonja").
             The game lasted 00:00:35 (88 turns).

sircluck the Cudgeller (Troll Berserker)              Turns: 88, Time: 00:00:35

Health: -14/32     AC:  4    Str: 24    XL:     2   Next: 82%
Magic:  1/1        EV: 10    Int:  3    God:    Trog [*.....]
Gold:   0          SH:  0    Dex:  9    Spells: 1/1 levels left

rFire   . . .        a - +0 mace
rCold   . . .        (no shield)
rNeg    . . .        b - +0 animal skin
rPois   .            (helmet restricted)
rElec   .            (no cloak)
rCorr   .            (gloves unavailable)
SInv    .            (boots unavailable)
Will    .....        (no amulet)
Stlth   +            (no ring)
HPRegen 1.05/turn    (no ring)
MPRegen 0.07/turn

%: no teleportation
@: no status effects
A: large, unfitting armour, claws 3, regeneration 1, shaggy fur 1, tough skin 1
a: Renounce Religion, Berserk


You were in the Dungeon.
You worshipped Trog.
Trog was aware of your devotion.
You visited 1 branch

Inventory:

Hand Weapons
 a - a +0 mace (weapon)
Armour
 b - a +0 animal skin (worn)
Wands
 i - a wand of charming (3)
Scrolls
 h - a scroll of blinking
Potions
 c - a potion of curing
 d - a potion of heal wounds
 e - a potion of haste
 f - 2 potions of magic
 g - a potion of berserk rage


   Skills:
 + Level 3.6 Fighting
 + Level 4.0 Maces & Flails
 + Level 3.6 Dodging


You had one spell level left.
You didn't know any spells.
Your spell library was empty.

Dungeon Overview and Level Annotations

Branches:
Dungeon (1/1)

Altars:

Annotations:
D Sigmund


Innate Abilities, Weirdness & Mutations

You are too large for most types of armour.
You have claws for hands.
Your natural rate of healing is unusually fast.
You are covered in fur. (AC +1)
You have tough skin. (AC +1)


Message History

You bump into the rock wall.
You bump into the rock wall.
You bump into the stone wall.
Things that are here:
a +0 dagger; a +0 ring mail; the goblin corpse of Ijyb You bump into the rock wall.
You feel less confused.
You open the door.
An ogre comes into view. It is wielding a +0 giant club.
Aiming: Charm
Press: ? - help, Q - select action Shift-Dir - straight line, f - ogre
Aim: an ogre, wielding a +0 giant club (asleep, chance to affect: 49%)
The ogre shouts!
The ogre is charmed.
There is an open door here.
You swap places.
You open the door.
Sigmund the Dreaded comes into view.
He is wielding a +0 scythe and wearing a +2 robe of fire resistance.
Sigmund hits you from afar with a +0 scythe.
There is an open door here.
You swap places.
There is an open door here.
Sigmund hits you from afar with a +0 scythe.
Sigmund looks at you with fury.
Sigmund points at you and mumbles some strange words.
Your ogre appears confused.
Sigmund hits you from afar with a +0 scythe.
Things that are here:
a +0 dagger; a +0 ring mail; the goblin corpse of Ijyb Your ogre hits you with a +0 giant club!
Your ogre hits itself with a +0 giant club.
Sigmund gestures wildly while chanting.
Sigmund flickers and vanishes!
Deactivating autopickup; reactivate with Ctrl-A.
You hit something. Something hits you!
* * * LOW HITPOINT WARNING * * *
You miss something.
Your ogre hits you with a +0 giant club!!
Ouch! That really hurt!
You die...

#############
#<.#O@{..#..+
#..').#..'..#
#..#####+####
#..# #..#
#..# #⌠⌠#
####


You could see a friendly ogre (charmed, confused).

Vanquished Creatures
  Ijyb (D)
1 creature vanquished.

Notes
Turn   | Place    | Note
-------+----------+-------------------------------------------
     0 | D        | sircluck the Troll Berserker began the quest for the Orb.
     0 | D        | Reached XP level 1. HP: 22/22 MP: 0/0
     1 | D        | Noticed Ijyb
    48 | D        | Killed Ijyb
    49 | D        | Reached skill level 4 in Maces & Flails
    49 | D        | Reached XP level 2. HP: 31/32 MP: 1/1
    70 | D        | Noticed an ogre
    76 | D        | Noticed Sigmund
    88 | D        | Demolished by an ogre

Illustrated notes

Levels and vault maps discovered:
D:        dungeon_sprint_1 [red_sonja_temple_1, red_sonja_temple_small_1]

Skill      XL: |  1 |
---------------+----+-----
Fighting       | 3 |  3.6
Maces & Flails | 4 |  4.0
Dodging        | 3 |  3.6

Action                     || total
---------------------------++-------
  Melee: Mace              ||    28
  Evoke: Wand              ||     1
 Armour: Animal skin       ||    25
  Dodge: Dodged            ||    18

Table legend: (Time is in decaauts)
 A = Elapsed time spent in this place.
 B = Non-inter-level travel time spent in this place.
 C = Inter-level travel time spent in this place.
 D = Time resting spent in this place.
 E = Time spent auto-exploring this place.
 F = Levels seen in this place.
 G = Mean time per level.
                   A        B        C        D        E       F      G
               +--------+--------+--------+--------+--------+-----+--------+
         Total |     94 |     94 |      0 |      0 |      1 |   1 |   94.0 |
       Dungeon |     94 |     94 |      0 |      0 |      1 |   1 |   94.0 |
               +--------+--------+--------+--------+--------+-----+--------+

Top non-repeatable levels by time:
       D: 94 daAuts
